 Dungeon Crawl Stone Soup version 0.25-a0-41-g6cf4ce537d (webtiles) character file.

Game seed: 3169064081242031065, levelgen mode: deterministic

86 qwery3021x the Cudgeler (level 4, -1/39 HPs)
             Began as a Minotaur Berserker on Oct 20, 2019.
             Was a Believer of Trog.
             Slain by a gnoll
             ... wielding a +0 flail
              (8 damage)
             ... on level 3 of the Dungeon on Oct 21, 2019.
             The game lasted 00:20:26 (2526 turns).

qwery3021x the Cudgeler (Minotaur Berserker)        Turns: 2526, Time: 00:20:28

Health: -1/39      AC:  3    Str: 22    XL:     4   Next: 27%
Magic:  3/3        EV: 12    Int:  4    God:    Trog [**....]
Gold:   77         SH:  0    Dex: 10    Spells: 3/3 levels left

rFire    . . .     SeeInvis .   a - +0 mace
rCold    . . .     Gourm    .   (no shield)
rNeg     . . .     Faith    .   b - +0 animal skin
rPois    .         Spirit   .   (helmet restricted)
rElec    .         Reflect  .   e - +0 cloak
rCorr    .         Harm     .   (no gloves)
MR       .....                  (no boots)
Stlth    +.........             i - amulet of rage
HPRegen  0.13/turn              (no ring)
MPRegen  0.08/turn              (no ring)

@: lethally poisoned (-1 -> -35), berserk cooldown, slowed, very slow
A: retaliatory headbutt, horns 2
a: Berserk, Trog's Hand, Renounce Religion, Evoke Berserk Rage


You were on level 3 of the Dungeon.
You worshipped Trog.
Trog was pleased with you.
You were hungry.

You visited 1 branch of the dungeon, and saw 3 of its levels.

You collected 77 gold pieces.

Inventory:

Hand Weapons
 a - a +0 mace (weapon)
 f - a cursed +0 dagger
 h - a +0 club
 j - a +0 dagger
 m - a +0 dagger
 q - a +0 whip
 s - a cursed -3 club
 u - a +0 club
 v - a +0 hunting sling
 B - a +0 club
 C - a +0 club
 D - a +0 dagger
 F - a +0 club
 G - a +0 mace
Missiles
 d - 26 arrows
 g - 115 stones (quivered)
 k - 50 bolts
 p - 13 sling bullets
Armour
 b - a +0 animal skin (worn)
 e - a +0 cloak (worn)
 o - a +0 leather armour
 E - a +0 robe
Jewellery
 i - an amulet of rage (around neck)
Scrolls
 l - 2 scrolls of identify {unknown}
 n - 2 scrolls of remove curse {unknown}
 r - 2 scrolls of teleportation {unknown}
 y - a scroll of immolation {unknown}
 A - 2 scrolls of amnesia {unknown}
Potions
 t - a potion of degeneration {unknown}
 w - a potion of berserk rage {unknown}
 z - a potion of magic {unknown}
Comestibles
 c - 2 rations


   Skills:
 - Level 3.6 Fighting
 + Level 6.2 Maces & Flails
 - Level 2.4 Armour
 - Level 2.1 Dodging


You had 3 spell levels left.
You didn't know any spells.
Your spell library contained the following spells:

 Spells                   Type           Power        Failure   Level  Hunger
 Beastly Appendage        Tmut           #.....       50%         1    ##.....
 Sticks to Snakes         Tmut           #.......     65%         2    ###....
 Spider Form              Tmut/Pois      #.........   86%         3    ####...
 Ice Form                 Ice/Tmut       #.......     99%         4    #####..
 Blade Hands              Tmut           #.........   100%        5    ######.


Dungeon Overview and Level Annotations

Branches:
Dungeon (3/15)

Altars:
Uskayaw


Innate Abilities, Weirdness & Mutations

You reflexively headbutt those who attack you in melee.
You have a pair of horns on your head.


Message History

The gnoll closely misses you.
You barely miss the gnoll. You headbutt the gnoll.
You kill the gnoll!
Trog accepts your kill.
You feel sick. The gnoll completely misses you.
The gnoll hits you but does no damage.
You are more poisoned.
The gnoll hits you with a +0 club.
The gnoll hits you from afar with a +1 spear of venom.
* * * LOW HITPOINT WARNING * * *
You are more poisoned.
The gnoll hits you but does no damage.
You hit the gnoll. You headbutt the gnoll.
The gnoll is heavily wounded.
* * * LOW HITPOINT WARNING * * *
You feel very sick. The gnoll hits you but does no damage.
You are more poisoned.
The gnoll hits you but does no damage. The gnoll hits you with a +0 flail!
You die...

##..# #...#
#...#
######..###
#<........#
#.........# .
#.........#
..#####....####
........#gg@.#
..##..#....#g.##
.........†..K..#
..#.........###
......#.######
.........
!.#..#...g ....
.....g #$.
.%......


You could see 3 gnolls and a kobold.

Vanquished Creatures
  Jessica (D:2)
  A gnoll (D:3)
  2 adders (D:2)
  A worm (D:2)
  A dart slug (D:1)
  A leopard gecko (D:2)
  6 bats
  3 giant cockroaches
  4 hobgoblins
  A quokka (D:3)
  3 goblins
  2 kobolds
  4 rats
30 creatures vanquished.

Notes
Turn   | Place    | Note
-------+----------+-------------------------------------------
     0 | D:1      | qwery3021x the Minotaur Berserker began the quest for the
                  | Orb.
     0 | D:1      | Reached XP level 1. HP: 19/19 MP: 0/0
   525 | D:1      | Reached skill level 4 in Maces & Flails
  1122 | D:1      | Reached XP level 2. HP: 26/26 MP: 1/1
  1737 | D:2      | Reached skill level 5 in Maces & Flails
  1822 | D:2      | Reached XP level 3. HP: 25/31 MP: 2/2
  2005 | D:2      | Upgraded the game from 0.25-a0-36-g303dd5b1f4 to
                  | 0.25-a0-41-g6cf4ce537d
  2101 | D:2      | Reached ** piety under Trog
  2277 | D:2      | Found a hide-covered altar of Uskayaw.
  2278 | D:2      | Noticed Jessica
  2290 | D:2      | Killed Jessica
  2290 | D:2      | Reached skill level 6 in Maces & Flails
  2290 | D:2      | Reached XP level 4. HP: 38/39 MP: 3/3
  2526 | D:3      | Slain by a gnoll

Levels and vault maps discovered:
D:1:      dpeg_arrival_rooms_a, layout_basic, chequers_serial_rivers_micro_a
D:2:      layout_rooms, lemuel_round_altar, small_statue_intersection,
          minmay_misc_feat_enclosed, minmay_misc_feat_rugged, minmay_tromino_v2,
          uniq_jessica
D:3:      layout_rooms, chequers_ecumenical_altar_simple_redux,
          lemuel_another_geyser

Skill      XL: |  1  2  3 |
---------------+----------+-----
Maces & Flails | 4 5 6 |  6.2
Fighting       | |  3.6
Armour         | |  2.4
Dodging        | |  2.1

Action                   |  1- 3 |  4- 6 || total
-------------------------+-------+-------++-------
Melee: Mace              |    46 |     6 ||    52
       Headbutt          |     5 |     3 ||     8
Invok: Berserk           |     2 |     1 ||     3
 Stab: Sleeping          |     1 |       ||     1
  Eat: Chunk             |     4 |     3 ||     7
Armor: Animal skin       |    22 |     2 ||    24
Dodge: Dodged            |    29 |     8 ||    37

Table legend:
 A = Non-vault XP
 B = Vault XP
 C = Vault XP percentage of total XP
 D = Non-vault monster count
 E = Vault monster count
 F = Vault count percentage of total count
                 A         B        C        D         E       F
            +---------+---------+-------+---------+---------+-------
      Total |      85 |      39 |  31.5 |      28 |       2 |   6.7
            +---------+---------+-------+---------+---------+-------
        D:1 |      17 |       0 |   0.0 |      10 |       0 |   0.0
        D:2 |      50 |      39 |  43.8 |      15 |       2 |  11.8
        D:3 |      18 |       0 |   0.0 |       3 |       0 |   0.0
            +---------+---------+-------+---------+---------+-------
